 Dungeon Crawl Stone Soup version 0.15-a0-1632-gd490d05 (webtiles) character file.

13288 Kenran the Severer (level 12, -2/106 HPs)
             Began as a Hill Orc Fighter on June 21, 2014.
             Was an Elder of Okawaru.
             Killed from afar by an electric eel (3 damage)
             ... with a bolt of electricity
             ... on Level 11 of the Dungeon.
             The game lasted 01:11:55 (18576 turns).

Kenran the Severer (Hill Orc Fighter)              Turns: 18576, Time: 01:11:56

HP  -2/106       AC 20     Str 20      XL: 12   Next:  4%
MP  21/21        EV  6     Int  8      God: Okawaru [****..]
Gold 276         SH  0     Dex 13 (14) Spells:  0 memorised, 11 levels left

rFire  + . .     SeeInvis .     w - +4 battleaxe
rCold  + . .     Clarity  +     r - +1 plate armour {rC+}
rNeg   . . .     rCorr    .     (no shield)
rPois  .         rRot     .     j - +2 hat
rElec  .         Spirit   .     (no cloak)
SustAb .         Warding  .     B - +1 pair of gloves
rMut   .         Stasis   .     (no boots)
Gourm  .                        y - amulet of clarity
MR     .....                    l - ring of magical power
                                g - ring of protection from fire

@: not resistant to hostile enchantments, extremely unstealthy
A: no striking features
a: Heroism, Renounce Religion


You were on level 11 of the Dungeon.
You worshipped Okawaru.
Okawaru was greatly pleased with you.
You were not hungry.

You visited 3 branches of the dungeon, and saw 13 of its levels.

You collected 445 gold pieces.
You spent 169 gold pieces at shops.

Inventory:

Hand weapons
 o - a +1 hand axe of electrocution
 q - a cursed +3 flail of draining
 w - a +4 battleaxe (weapon)
 A - a -1 executioner's axe
Armour
 c - a +1 shield
 j - a +2 hat (worn)
 r - a +1 plate armour of cold resistance (worn)
 B - a +1 pair of gloves (worn)
Magical devices
 b - a wand of draining (5) {unknown}
 h - a wand of disintegration (13) {unknown}
 p - a wand of paralysis (9) {unknown}
 s - a wand of frost (6)
 t - a wand of random effects (17) {unknown}
 u - a wand of slowing (5) {unknown}
 v - a wand of frost (21)
Comestibles
 d - 7 meat rations
 k - 2 beef jerkies
 n - 5 bread rations
Scrolls
 f - 2 scrolls of identify
 i - a scroll of magic mapping
 m - 8 scrolls of remove curse
Jewellery
 g - a ring of protection from fire (left hand)
 l - a ring of magical power (right hand)
 y - an amulet of clarity (around neck)
Potions
 e - a potion of flight {unknown}
 x - a potion of curing {unknown}
 F - a potion of confusion {unknown}
Books
 a - a book of Maledictions

   Spells                             Type                      Level
   Corona                             Hexes                        1
   Sure Blade                         Hexes/Charms                 2
   Ensorcelled Hibernation            Hexes/Ice                    2
   Confuse                            Hexes                        3
   Dazzling Spray                     Conjuration/Hexes            3
   Enslavement                        Hexes                        4


   Skills:
 - Level 10.2 Fighting
 + Level 17.6 Axes
 - Level 10.8 Armour
 - Level 3.2 Shields


You had 11 spell levels left.
You didn't know any spells.

Dungeon Overview and Level Annotations

Branches:
Dungeon (11/15)            Temple (1/1) D:6             Orc (0/4) D:11
   Lair (1/8) D:8

Altars:
Ashenzari
Cheibriados
Dithmenos
Elyvilon
Fedhas
Gozag
Kikubaaqudgha
Makhleb
Nemelex Xobeh
Okawaru
Qazlal
Sif Muna
Trog
Vehumet
Xom
Yredelemnul
Zin
The Shining One

Shops:
D:8 (=!*(   D:10 *


Message History

You hit the electric eel.
The electric eel is moderately wounded.
You miss the electric eel.
The electric eel is lightly wounded.
The electric eel shoots out a bolt of electricity!
The bolt of electricity hits you!
* * * LOW HITPOINT WARNING * * *
The bolt of electricity hits you!
* * * LOW HITPOINT WARNING * * *
The bolt of electricity hits the electric eel.
The electric eel resists.
The electric eel shoots out a bolt of electricity!
The bolt of electricity hits the electric eel.
The electric eel resists.
The bolt of electricity hits you!
* * * LOW HITPOINT WARNING * * *
The electric eel shoots out a bolt of electricity!
The bolt of electricity hits you!
* * * LOW HITPOINT WARNING * * *
The bolt of electricity hits you!
You die...

#.#.#.. #.#.#.. #.#.#.≈
##.#<#≈≈ ## ##≈≈#≈≈≈≈
≈#≈≈#############≈≈≈≈≈≈≈#
≈≈≈≈≈≈≈≈≈#≈≈≈≈≈≈≈≈≈#.≈≈≈##
≈≈≈;≈≈≈≈;;≈≈≈≈≈≈≈≈##.≈≈≈#
#≈≈≈≈≈≈##@≈≈#≈≈≈≈###.#####
#≈≈≈≈ #≈######## #.....(
#≈## ### ####### #


You could see 3 electric eels.

Vanquished Creatures
  Nergalle (D:11)
  2 hill giants
  A griffon (D:9)
  The ghost of Sapz the Magician, an experienced DECj (D:6)
  A fire drake (D:8)
  A troll (D:9)
  2 wyverns (D:8)
  3 sharks (D:11)
  A wraith (D:11)
  4 slime creatures
  A water elemental (D:11)
  6 yaks
  2 deep elf magi (D:9)
  A human (D:7)
  A hill giant zombie (D:10)
  A hippogriff (D:9)
  A mottled dragon (D:11)
  A porcupine (Lair:1)
  A water moccasin (Lair:1)
  The ghost of TZer0 the Grave Robber, an average VSNe (D:3)
  A necrophage (D:8)
  9 orc warriors
  A black bear (D:9)
  7 ogres
  2 ice beasts
  2 phantoms
  2 sky beasts
  6 centaurs
  The ghost of Kenran the Cudgeler, an average GrFi (D:4)
  A big kobold (D:10)
  7 giant frogs
  A cyclops zombie (D:10)
  A wyvern skeleton (D:10)
  2 eyes of draining
  7 scorpions
  A water moccasin skeleton (D:9)
  3 wights
  4 killer bees (D:8)
  4 electric eels (D:11)
  2 crimson imps
  4 goliath beetles
  2 giant frog skeletons
  A quasit (D:11)
  3 jellies
  A gnoll shaman (D:5)
  9 orc priests
  9 hounds
  A two-headed ogre skeleton (D:6)
  2 big fish (D:11)
  A centaur skeleton (D:6)
  5 iguanas
  13 orc wizards
  7 worker ants
  A sky beast zombie (D:8)
  3 sheep (D:7)
  2 mummies (D:11)
  A hound skeleton (D:11)
  8 gnolls
  11 adders
  A scorpion zombie (D:8)
  4 orc skeletons
  22 green rats (Lair:1)
  A shadow imp (D:9)
  5 giant mites
  6 worms
  3 adder skeletons
  An iguana skeleton (D:7)
  7 giant geckos
  An ooze (D:2)
  49 orcs
  2 bat skeletons
  A bat zombie (D:7)
  7 giant cockroaches
  9 goblins
  22 hobgoblins
  10 jackals
  12 kobolds
  10 quokkas
  2 ball pythons
  23 bats
  A giant gecko skeleton (D:4)
  6 giant newts
  A giant spore (D:10)
  2 hobgoblin skeletons (D:4)
  A hobgoblin zombie (D:7)
  A kobold skeleton (D:4)
  2 orc zombies
  A quokka skeleton (D:3)
  36 rats
  A rat skeleton (D:4)
  2 spectral orcs (D:11)
  A ballistomycete (D:10)
  9 fungi
443 creatures vanquished.

Vanquished Creatures (others)
  A jelly (D:11)
  An orc (D:10)
  A kobold (D:10)
3 creatures vanquished.

Grand Total: 446 creatures vanquished

Notes
Turn   | Place    | Note
--------------------------------------------------------------
     0 | D:1      | Kenran, the Hill Orc Fighter, began the quest for the Orb.
     0 | D:1      | Reached XP level 1. HP: 19/19 MP: 1/1
    97 | D:1      | Reached XP level 2. HP: 26/26 MP: 2/2
   262 | D:1      | Reached skill level 4 in Axes
   565 | D:1      | Reached XP level 3. HP: 23/31 MP: 3/3
   995 | D:2      | Reached skill level 5 in Axes
  1113 | D:2      | Reached XP level 4. HP: 27/39 MP: 4/4
  1886 | D:2      | Reached skill level 6 in Axes
  2257 | D:3      | Reached XP level 5. HP: 41/45 MP: 5/5
  2269 | D:3      | Reached skill level 7 in Axes
  2541 | D:3      | Noticed TZer0's ghost (average VSNe)
  2546 | D:3      | Killed TZer0's ghost
  2546 | D:3      | Reached skill level 8 in Axes
  2546 | D:3      | Reached XP level 6. HP: 51/51 MP: 6/6
  2601 | D:3      | Found a radiant altar of Vehumet.
  2601 | D:3      | Found a shattered altar of Ashenzari.
  3532 | D:4      | Found a bloodstained altar of Trog.
  3620 | D:4      | Reached skill level 9 in Axes
  4397 | D:4      | Noticed Kenran's ghost (average GrFi)
  4417 | D:4      | Killed Kenran's ghost
  4417 | D:4      | Reached XP level 7. HP: 22/57 MP: 7/7
  4669 | D:5      | Entered Level 5 of the Dungeon
  4894 | D:5      | Reached skill level 10 in Axes
  5006 | D:5      | Found an opulent altar of Gozag.
  5285 | D:6      | Reached skill level 11 in Axes
  5443 | D:6      | Reached XP level 8. HP: 51/64 MP: 8/8
  5755 | D:6      | Noticed Sapz's ghost (experienced DECj)
  5764 | D:6      | Reached skill level 12 in Axes
  5773 | D:6      | Killed Sapz's ghost
  5773 | D:6      | Reached skill level 13 in Axes
  6477 | D:7      | Reached skill level 14 in Axes
  6477 | D:7      | Reached XP level 9. HP: 22/70 MP: 9/9
  7310 | D:8      | Found a staircase to the Lair.
  7310 | D:8      | Noticed a fire drake
  7594 | D:8      | Reached skill level 15 in Axes
  7786 | D:9      | HP: 2/72 [troll (6)]
  8150 | D:8      | Killed a fire drake
  8301 | D:8      | Found Thros' General Store.
  8580 | D:8      | Found a glowing golden altar of the Shining One.
  8621 | D:8      | Found a sparkling altar of Nemelex Xobeh.
  8664 | D:8      | Reached XP level 10. HP: 81/90 MP: 10/10
  8946 | D:8      | Found Striop's Antique Weapon Emporium.
  8958 | D:8      | Bought a battleaxe for 130 gold pieces
  9127 | D:8      | Found Neoh Jal's Jewellery Emporium.
  9211 | D:8      | Reached skill level 10 in Fighting
 10535 | D:5      | Reached skill level 5 in Armour
 11848 | D:6      | Found a staircase to the Ecumenical Temple.
 11861 | Temple   | Entered the Ecumenical Temple
 11940 | Temple   | Became a worshipper of Warmaster Okawaru
 12506 | D:8      | Found Sonubli's Distillery.
 12664 | D:8      | Found Uguph's Antique Weapon Shop.
 12675 | D:8      | Bought a potion of heal wounds for 39 gold pieces
 13213 | D:9      | Noticed a griffon
 13242 | D:9      | Killed a griffon
 13582 | D:9      | Reached XP level 11. HP: 46/100 MP: 11/11
 13956 | Lair:1   | Entered Level 1 of the Lair of Beasts
 14269 | Lair:1   | Noticed a six-headed hydra
 14514 | Lair:1   | Acquired Okawaru's first power
 14515 | Lair:1   | Noticed a seven-headed hydra
 14633 | D:10     | Entered Level 10 of the Dungeon
 14649 | D:10     | Reached skill level 10 in Armour
 15423 | D:10     | Noticed a hill giant
 15439 | D:10     | Killed a hill giant
 16004 | D:10     | Found Zapnunwu's General Store.
 16539 | D:11     | Noticed Nergalle
 16544 | D:11     | Noticed a spectral orc warlord
 16549 | D:11     | Killed Nergalle
 16549 | D:11     | Reached skill level 16 in Axes
 16809 | D:11     | Noticed a hill giant
 16819 | D:11     | Killed a hill giant
 17226 | D:11     | Reached skill level 17 in Axes
 17489 | D:11     | Found a staircase to the Orcish Mines.
 18309 | D:11     | Reached XP level 12. HP: 106/106 MP: 12/12
 18576 | D:11     | HP: 5/106 [electric eel/bolt of electricity (5)]
 18576 | D:11     | HP: 1/106 [electric eel/bolt of electricity (4)]
 18576 | D:11     | Killed from afar by an electric eel

Action                   |  1- 3 |  4- 6 |  7- 9 | 10-12 || total
-------------------------+-------+-------+-------+-------++-------
Melee: War axe           |   120 |   275 |   373 |   220 ||   988
       Executioner's axe |       |       |       |   312 ||   312
       Battleaxe         |       |       |       |   298 ||   298
Invok: Heroism           |       |       |       |     1 ||     1
  Use: Scroll            |     1 |     6 |     6 |    14 ||    27
       Potion            |       |     3 |     5 |     5 ||    13
 Stab: Held in net/web   |       |       |       |     2 ||     2
